General information
- name: BNet
- type: Ladder team game (AT/RT)
- host: Battle.net
- saver: Im2Funk2Druck
map: GolemsInTheMist
- players: 8
- length: 40:10
- speed: Fast
- version: 1.28 W3XP
- replay type: Public
» download(260 KB)
Players
team 1 (loser)
Harley (
blue | 40 APM | 573 actions | 14:29)
2 Death Knight
1 Death Coil
1 Unholy Aura
» actions
| Assign group hotkey | 6 | |
| Build / train | 31 | |
| Enter build submenu | 13 | |
| Enter hero's abilities submenu | 2 | |
| Right click | 372 | |
| Select / deselect | 128 | |
| Select group hotkey | 1 | |
| Use ability | 20 | |
573 total
» units
| Acolyte | 10 | |
| Ghoul | 2 | |
| Crypt Fiend | 5 | |
| Banshee | 2 | |
| Necromancer | 2 | |
21 total
» upgrades
» buildings
| Crypt | 1 | |
| Graveyard | 1 | |
| Ziggurat | 5 | |
| Altar of Darkness | 1 | |
| Spirit Tower | 3 | |
| Tomb of Relics | 1 | |
| Halls of the Dead | 1 | |
| Temple of the Damned | 1 | |
| Slaughterhouse | 1 | |
| Black Citadel | 1 | |
| Necropolis | 1 | |
17 total
» build order
00:08 Crypt
00:11 Graveyard
00:28 Ziggurat
00:55 Altar of Darkness
01:48 Ziggurat
03:34 Spirit Tower
05:26 Ziggurat
05:48 Tomb of Relics
06:22 Spirit Tower
06:53 Halls of the Dead
07:29 Ziggurat
08:54 Spirit Tower
10:21 Temple of the Damned
10:26 Slaughterhouse
11:41 Black Citadel
13:10 Necropolis
14:00 Ziggurat
» items
TRUEDETECTIVE (
teal | 113 APM | 4529 actions | 40:09)
4 Archmage
2 Summon Water Elemental
2 Brilliance Aura
5 Mountain King
3 Storm Bolt
2 Bash
» actions
| Assign group hotkey | 119 | |
| Basic commands | 120 | |
| Build / train | 206 | |
| ESC pressed | 40 | |
| Enter build submenu | 79 | |
| Enter hero's abilities submenu | 9 | |
| Give item / drop item | 3 | |
| Right click | 1460 | |
| Select / deselect | 670 | |
| Select group hotkey | 1428 | |
| Use ability | 395 | |
4529 total
» units
| Peasant | 18 | |
| Footman | 6 | |
| Goblin Shredder | 6 | |
| Goblin Zeppelin | 6 | |
| Rifleman | 9 | |
| Spell Breaker | 4 | |
| Priest | 3 | |
| Sorceress | 4 | |
| Knight | 1 | |
57 total
» upgrades
| Masonry | 3 | |
| Swords | 3 | |
| Armor | 3 | |
| Animal War Training | 1 | |
| Lumber Harvesting | 2 | |
| Storm Hammers | 1 | |
| Cloud | 1 | |
| Gunpowder | 3 | |
| Long Rifles | 1 | |
| Priest Training | 3 | |
| Sorceress Training | 2 | |
| Plating | 3 | |
| Control Magic | 1 | |
27 total
» buildings
| Altar of Kings | 1 | |
| Farm | 15 | |
| Barracks | 3 | |
| Arcane Vault | 1 | |
| Lumber Mill | 2 | |
| Keep | 2 | |
| Town Hall | 5 | |
| Scout Tower | 38 | |
| Guard Tower | 64 | |
| Castle | 4 | |
| Arcane Tower | 4 | |
| Blacksmith | 1 | |
| Gryphon Aviary | 2 | |
| Arcane Sanctum | 3 | |
145 total
» build order
00:37 Altar of Kings
00:39 Farm
01:08 Barracks
01:11 Farm
01:18 Farm
01:51 Arcane Vault
02:19 Farm
02:22 Lumber Mill
03:35 Farm
04:41 Keep
04:55 Town Hall
04:59 Scout Tower
05:00 Scout Tower
05:01 Scout Tower
05:02 Scout Tower
05:06 Scout Tower
05:07 Scout Tower
05:11 Scout Tower
05:56 Guard Tower
05:57 Guard Tower
06:13 Scout Tower
06:17 Guard Tower
06:20 Scout Tower
06:50 Guard Tower
06:50 Guard Tower
06:51 Guard Tower
07:08 Castle
07:08 Castle
07:08 Castle
07:24 Guard Tower
07:24 Guard Tower
07:24 Guard Tower
07:24 Guard Tower
07:26 Guard Tower
07:26 Guard Tower
07:26 Guard Tower
07:27 Guard Tower
07:27 Guard Tower
07:41 Scout Tower
07:43 Scout Tower
07:44 Scout Tower
08:02 Scout Tower
08:28 Guard Tower
08:28 Guard Tower
08:29 Guard Tower
08:29 Guard Tower
08:35 Arcane Tower
08:40 Scout Tower
08:42 Scout Tower
09:12 Blacksmith
09:52 Guard Tower
09:52 Guard Tower
09:53 Guard Tower
09:53 Guard Tower
10:00 Town Hall
10:02 Scout Tower
10:02 Scout Tower
10:04 Scout Tower
10:05 Scout Tower
10:07 Scout Tower
10:08 Scout Tower
10:09 Scout Tower
10:32 Scout Tower
11:14 Guard Tower
11:25 Guard Tower
11:39 Guard Tower
12:51 Farm
13:14 Gryphon Aviary
13:23 Gryphon Aviary
15:20 Barracks
15:58 Arcane Sanctum
16:39 Arcane Sanctum
16:44 Arcane Sanctum
17:09 Barracks
20:06 Farm
20:09 Farm
21:18 Farm
21:21 Farm
21:24 Farm
21:30 Farm
21:32 Farm
21:55 Farm
21:56 Farm
22:13 Lumber Mill
27:13 Town Hall
27:15 Scout Tower
27:16 Scout Tower
27:17 Scout Tower
27:18 Scout Tower
27:45 Guard Tower
27:45 Guard Tower
27:45 Guard Tower
27:45 Guard Tower
27:46 Guard Tower
27:46 Guard Tower
27:48 Guard Tower
27:48 Guard Tower
27:48 Guard Tower
30:30 Town Hall
30:32 Scout Tower
30:33 Scout Tower
30:33 Scout Tower
30:35 Scout Tower
30:38 Scout Tower
31:02 Guard Tower
31:02 Guard Tower
31:02 Guard Tower
31:05 Guard Tower
33:29 Town Hall
33:39 Scout Tower
33:41 Scout Tower
33:43 Scout Tower
33:58 Scout Tower
34:03 Scout Tower
34:07 Scout Tower
34:11 Guard Tower
34:11 Guard Tower
34:11 Guard Tower
34:12 Guard Tower
34:12 Guard Tower
34:12 Guard Tower
35:35 Guard Tower
35:35 Guard Tower
35:35 Guard Tower
35:37 Arcane Tower
35:38 Arcane Tower
» items
| Scroll of Regeneration | 6 | |
| Mechanical Critter | 4 | |
| Scroll of Town Portal | 3 | |
| Staff of Sanctuary | 2 | |
| Ivory Tower | 1 | |
| Potion of Healing | 3 | |
| Lesser Clarity Potion | 1 | |
| Potion of Mana | 1 | |
21 total
4SRTTR0LL (
purple | 38 APM | 967 actions | 25:41)
4 Death Knight
2 Death Coil
2 Unholy Aura
2 Lich
1 Frost Nova
1 Frost Armor
» actions
| Basic commands | 33 | |
| Build / train | 63 | |
| Enter build submenu | 26 | |
| Enter hero's abilities submenu | 7 | |
| Give item / drop item | 3 | |
| Right click | 410 | |
| Select / deselect | 363 | |
| Use ability | 62 | |
967 total
» units
| Acolyte | 8 | |
| Ghoul | 10 | |
| Goblin Shredder | 1 | |
| Goblin Zeppelin | 1 | |
| Frost Wyrm | 3 | |
| Obsidian Statue | 2 | |
| Gargoyle | 2 | |
27 total
» upgrades
| Cannibalize | 1 | |
| Creature Attack | 3 | |
| Creature Carapace | 3 | |
| Ghoul Frenzy | 1 | |
| Stone Form | 1 | |
| Web | 1 | |
| Freezing Breath | 1 | |
| Destroyer Form | 1 | |
12 total
» buildings
| Crypt | 2 | |
| Ziggurat | 9 | |
| Altar of Darkness | 1 | |
| Nerubian Tower | 1 | |
| Tomb of Relics | 1 | |
| Graveyard | 1 | |
| Halls of the Dead | 2 | |
| Spirit Tower | 5 | |
| Black Citadel | 1 | |
| Necropolis | 1 | |
| Sacrificial Pit | 1 | |
| Boneyard | 2 | |
| Slaughterhouse | 2 | |
29 total
» build order
00:18 Crypt
00:21 Crypt
00:37 Ziggurat
00:58 Altar of Darkness
01:31 Ziggurat
01:51 Nerubian Tower
02:46 Tomb of Relics
04:21 Graveyard
04:26 Ziggurat
04:33 Ziggurat
05:06 Halls of the Dead
08:57 Spirit Tower
08:59 Black Citadel
09:19 Spirit Tower
09:36 Necropolis
09:46 Sacrificial Pit
10:37 Ziggurat
10:40 Ziggurat
10:43 Ziggurat
10:47 Ziggurat
10:50 Ziggurat
11:45 Spirit Tower
11:54 Boneyard
12:02 Boneyard
12:15 Spirit Tower
12:17 Spirit Tower
14:32 Slaughterhouse
14:41 Slaughterhouse
21:36 Halls of the Dead
» items
| Potion of Healing | 2 | |
| Orb of Corruption | 2 | |
| Potion of Mana | 1 | |
| Scroll of Town Portal | 2 | |
7 total
KosherTangerine (
yellow | 42 APM | 586 actions | 14:00)
3 Tauren Chieftain
1 War Stomp
2 Endurance Aura
» actions
| Assign group hotkey | 13 | |
| Basic commands | 63 | |
| Build / train | 42 | |
| Enter build submenu | 17 | |
| Enter hero's abilities submenu | 3 | |
| Remove unit from queue | 2 | |
| Right click | 189 | |
| Select / deselect | 127 | |
| Select group hotkey | 77 | |
| Use ability | 53 | |
586 total
» units
| Peon | 12 | |
| Troll Headhunter/Berserker | 15 | |
27 total
» upgrades
| Armor | 2 | |
| Ranged Weapons | 2 | |
| Spiked Barricades | 1 | |
| Troll Regeneration | 2 | |
| Shaman Training | 1 | |
8 total
» buildings
| Orc Burrow | 4 | |
| Altar of Storms | 1 | |
| Barracks | 1 | |
| War Mill | 1 | |
| Voodoo Lounge | 1 | |
| Stronghold | 1 | |
| Watch Tower | 3 | |
| Great Hall | 2 | |
| Spirit Lodge | 1 | |
15 total
» build order
00:13 Orc Burrow
00:16 Altar of Storms
01:01 Barracks
01:31 War Mill
01:50 Orc Burrow
02:11 Voodoo Lounge
03:36 Orc Burrow
05:00 Stronghold
06:02 Watch Tower
06:12 Watch Tower
06:41 Orc Burrow
07:14 Great Hall
07:37 Spirit Lodge
08:55 Watch Tower
12:40 Great Hall
team 2 (winner)
SANE-WARRIOR (
green | 50 APM | 1988 actions | 40:09)
4 Blademaster
2 Wind Walk
2 Critical Strike
2 Shadow Hunter
1 Hex
1 Healing Wave
» actions
| Assign group hotkey | 77 | |
| Basic commands | 154 | |
| Build / train | 63 | |
| Enter build submenu | 34 | |
| Enter hero's abilities submenu | 6 | |
| Remove unit from queue | 1 | |
| Right click | 701 | |
| Select / deselect | 371 | |
| Select group hotkey | 424 | |
| Use ability | 157 | |
1988 total
» units
| Peon | 13 | |
| Wind Rider | 11 | |
| Goblin Zeppelin | 1 | |
| Goblin Shredder | 2 | |
| Goblin Sapper | 5 | |
| Troll Batrider | 8 | |
40 total
» upgrades
| Reinforced Defenses | 1 | |
| Ranged Weapons | 2 | |
| Armor | 2 | |
| Liquid Fire | 1 | |
| Envenomed Spears | 1 | |
7 total
» buildings
| Altar of Storms | 1 | |
| Orc Burrow | 6 | |
| Voodoo Lounge | 1 | |
| War Mill | 2 | |
| Stronghold | 1 | |
| Watch Tower | 20 | |
| Beastiary | 4 | |
| Fortress | 2 | |
| Great Hall | 2 | |
39 total
» build order
00:07 Altar of Storms
00:22 Orc Burrow
00:56 Voodoo Lounge
01:25 War Mill
02:11 Stronghold
02:44 Watch Tower
02:56 Orc Burrow
02:57 Orc Burrow
03:11 Orc Burrow
04:44 Beastiary
05:04 Watch Tower
05:09 Watch Tower
05:26 Watch Tower
06:16 Beastiary
06:53 Fortress
07:01 Watch Tower
08:51 Watch Tower
08:56 Watch Tower
09:11 Watch Tower
09:13 Watch Tower
09:17 Watch Tower
09:47 Great Hall
10:19 Watch Tower
10:20 Watch Tower
10:25 Watch Tower
10:51 Orc Burrow
11:27 Beastiary
11:49 Watch Tower
13:26 Watch Tower
14:34 Orc Burrow
15:44 Great Hall
16:02 Watch Tower
16:03 Watch Tower
16:03 Watch Tower
16:04 Watch Tower
16:17 War Mill
17:01 Watch Tower
25:34 Beastiary
» items
| Lesser Clarity Potion | 1 | |
| Healing Salve | 1 | |
| Scroll of Town Portal | 1 | |
3 total
Im2Funk2Druck (
pink | 43 APM | 1730 actions | 40:10)
7 Blademaster
3 Wind Walk
3 Critical Strike
1 Bladestorm
» actions
| Assign group hotkey | 45 | |
| Basic commands | 257 | |
| Build / train | 80 | |
| Enter build submenu | 56 | |
| Enter hero's abilities submenu | 7 | |
| Give item / drop item | 4 | |
| Remove unit from queue | 1 | |
| Right click | 625 | |
| Select / deselect | 292 | |
| Select group hotkey | 213 | |
| Use ability | 150 | |
1730 total
» units
| Peon | 8 | |
| Grunt | 5 | |
| Goblin Shredder | 3 | |
| Goblin Zeppelin | 3 | |
| Troll Batrider | 9 | |
| Goblin Sapper | 8 | |
36 total
» upgrades
| Reinforced Defenses | 1 | |
| Ranged Weapons | 3 | |
| Armor | 3 | |
| Troll Regeneration | 1 | |
8 total
» buildings
| Orc Burrow | 9 | |
| Altar of Storms | 2 | |
| Barracks | 1 | |
| Voodoo Lounge | 3 | |
| War Mill | 2 | |
| Stronghold | 1 | |
| Watch Tower | 34 | |
| Great Hall | 2 | |
| Fortress | 1 | |
| Beastiary | 5 | |
60 total
» build order
00:11 Orc Burrow
00:58 Altar of Storms
01:04 Barracks
01:06 Altar of Storms
01:12 Orc Burrow
01:42 Voodoo Lounge
02:04 Voodoo Lounge
02:45 War Mill
03:17 Orc Burrow
03:55 Orc Burrow
04:33 Stronghold
05:17 Watch Tower
05:18 Watch Tower
05:21 Watch Tower
05:40 Watch Tower
05:41 Watch Tower
05:44 Watch Tower
07:02 Great Hall
07:21 Watch Tower
07:22 Watch Tower
07:23 Watch Tower
08:31 Fortress
08:34 Watch Tower
08:35 Watch Tower
08:35 Watch Tower
08:37 Watch Tower
09:14 Watch Tower
09:15 Watch Tower
09:16 Watch Tower
11:49 War Mill
18:09 Great Hall
18:13 Watch Tower
18:13 Watch Tower
18:13 Watch Tower
18:14 Watch Tower
18:17 Watch Tower
18:17 Watch Tower
18:17 Watch Tower
18:19 Watch Tower
18:21 Watch Tower
18:21 Watch Tower
18:22 Watch Tower
18:22 Watch Tower
18:27 Voodoo Lounge
20:56 Beastiary
20:59 Beastiary
21:00 Beastiary
21:03 Beastiary
22:08 Beastiary
26:47 Watch Tower
26:48 Watch Tower
26:49 Watch Tower
26:49 Watch Tower
26:50 Watch Tower
26:51 Watch Tower
32:55 Orc Burrow
32:57 Orc Burrow
32:59 Orc Burrow
33:01 Orc Burrow
33:03 Orc Burrow
» items
| Healing Salve | 7 | |
| Scroll of Town Portal | 2 | |
| Potion of Healing | 7 | |
| Potion of Mana | 5 | |
| Lesser Clarity Potion | 3 | |
| Orb of Lightning | 1 | |
25 total

»
gosuneal (
red | 79 APM | 2911 actions | 37:03)
4 Archmage
2 Summon Water Elemental
2 Brilliance Aura
3 Mountain King
2 Storm Bolt
1 Thunder Clap
» actions
| Assign group hotkey | 13 | |
| Basic commands | 118 | |
| Build / train | 81 | |
| Enter build submenu | 34 | |
| Enter hero's abilities submenu | 7 | |
| Remove unit from queue | 2 | |
| Right click | 1543 | |
| Select / deselect | 423 | |
| Select group hotkey | 585 | |
| Use ability | 105 | |
2911 total
» units
| Peasant | 16 | |
| Rifleman | 11 | |
| Priest | 6 | |
| Sorceress | 5 | |
| Mortar Team | 8 | |
46 total
» upgrades
| Gunpowder | 2 | |
| Long Rifles | 1 | |
| Priest Training | 2 | |
| Sorceress Training | 2 | |
| Armor | 1 | |
| Fragmentation Shards | 1 | |
9 total
» buildings
| Altar of Kings | 1 | |
| Farm | 14 | |
| Barracks | 1 | |
| Blacksmith | 1 | |
| Arcane Vault | 1 | |
| Lumber Mill | 1 | |
| Keep | 1 | |
| Arcane Sanctum | 2 | |
| Castle | 1 | |
| Town Hall | 2 | |
| Workshop | 2 | |
| Scout Tower | 7 | |
| Guard Tower | 6 | |
40 total
» build order
00:14 Altar of Kings
00:20 Farm
00:57 Barracks
01:19 Farm
01:46 Blacksmith
02:13 Farm
02:22 Arcane Vault
03:07 Farm
03:13 Lumber Mill
04:03 Keep
05:08 Farm
05:10 Farm
05:39 Farm
06:56 Arcane Sanctum
07:04 Farm
07:23 Farm
08:24 Farm
09:20 Farm
09:23 Farm
12:09 Castle
12:12 Farm
12:17 Farm
12:42 Arcane Sanctum
13:54 Town Hall
19:35 Town Hall
20:08 Workshop
20:13 Workshop
25:05 Scout Tower
25:09 Scout Tower
25:42 Scout Tower
25:45 Scout Tower
25:46 Guard Tower
25:47 Guard Tower
25:47 Guard Tower
26:07 Scout Tower
26:12 Scout Tower
26:15 Scout Tower
26:23 Guard Tower
27:16 Guard Tower
» items
| Scroll of Regeneration | 1 | |
| Lesser Clarity Potion | 1 | |
2 total
Charbroiled (
orange | 107 APM | 4313 actions | 40:09)
6 Blademaster
2 Wind Walk
3 Critical Strike
1 Bladestorm
» actions
| Assign group hotkey | 29 | |
| Basic commands | 88 | |
| Build / train | 58 | |
| ESC pressed | 4 | |
| Enter build submenu | 45 | |
| Enter hero's abilities submenu | 6 | |
| Give item / drop item | 3 | |
| Right click | 1824 | |
| Select / deselect | 364 | |
| Select group hotkey | 1758 | |
| Use ability | 134 | |
4313 total
» units
| Peon | 12 | |
| Raider | 6 | |
| Tauren | 3 | |
| Goblin Shredder | 1 | |
| Goblin Zeppelin | 1 | |
23 total
» upgrades
| Armor | 3 | |
| Berserker Strength | 1 | |
| Pillage | 1 | |
| Ensnare | 1 | |
| Melee Weapons | 3 | |
| Spiked Barricades | 3 | |
| Ranged Weapons | 1 | |
13 total
» buildings
| Orc Burrow | 8 | |
| Altar of Storms | 1 | |
| Voodoo Lounge | 2 | |
| Barracks | 1 | |
| Stronghold | 1 | |
| War Mill | 1 | |
| Watch Tower | 17 | |
| Beastiary | 3 | |
| Fortress | 1 | |
| Tauren Totem | 2 | |
| Great Hall | 5 | |
42 total
» build order
00:10 Orc Burrow
00:15 Altar of Storms
00:55 Voodoo Lounge
01:22 Orc Burrow
01:50 Barracks
03:00 Stronghold
03:12 War Mill
03:26 Orc Burrow
05:01 Watch Tower
05:30 Beastiary
05:32 Beastiary
06:08 Orc Burrow
07:08 Orc Burrow
08:11 Fortress
09:22 Watch Tower
11:14 Watch Tower
11:19 Tauren Totem
11:21 Tauren Totem
11:50 Orc Burrow
13:15 Orc Burrow
16:21 Great Hall
16:35 Watch Tower
16:38 Watch Tower
20:43 Great Hall
20:45 Watch Tower
20:46 Watch Tower
20:48 Watch Tower
20:49 Watch Tower
21:20 Orc Burrow
21:55 Voodoo Lounge
23:03 Beastiary
24:43 Great Hall
24:46 Watch Tower
24:48 Watch Tower
24:49 Watch Tower
24:51 Watch Tower
26:12 Great Hall
26:15 Watch Tower
26:29 Great Hall
26:33 Watch Tower
27:41 Watch Tower
28:24 Watch Tower
» items
| Healing Salve | 3 | |
| Lesser Clarity Potion | 3 | |
| Scroll of Speed | 1 | |
| Scroll of Town Portal | 2 | |
| Orb of Lightning | 1 | |
| Staff of Sanctuary | 1 | |
| Scroll of Regeneration | 1 | |
12 total
Chat log
(01:08 / Allies) gosuneal: riflecaste
(01:18 / Allies) SANE-WARRIOR: bm sh wyvern
(02:35 / All) SANE-WARRIOR: who here wants the brohter in better call saul to die
(02:36 / All) SANE-WARRIOR: me me me
(02:49 / All) Im2Funk2Druck: here here
(02:50 / All) TRUEDETECTIVE: chuck really needs to die already
(04:14 / Allies) Im2Funk2Druck: gold
(04:20 / All) Charbroiled: haha wrong tower
(04:38 / Allies) Im2Funk2Druck: gold me green
(04:57 / Allies) gosuneal: 7hp
(05:05 / Allies) Charbroiled: going raiders
(05:50 / Allies) Im2Funk2Druck: WTF
(06:06 / Allies) Im2Funk2Druck: this queue didn't work twice with this shreddar cutting trees
(06:41 / Allies) SANE-WARRIOR: oj
(06:43 / Allies) SANE-WARRIOR: hit blue
(06:44 / Allies) SANE-WARRIOR: hes weak
(07:43 / Allies) SANE-WARRIOR: oj hit blue
(07:46 / Allies) SANE-WARRIOR: teal is just towering
(08:08 / Allies) gosuneal: orange im coming lets roll
(08:43 / Allies) Charbroiled: go soon
(09:38 / Allies) SANE-WARRIOR: hit yellow or blue
(09:39 / Allies) SANE-WARRIOR: oj
(10:06 / Allies) SANE-WARRIOR: not teal dude
(10:08 / Allies) SANE-WARRIOR: jesus
(11:17 / Allies) Im2Funk2Druck: dk
(11:31 / Allies) gosuneal: im running away
(11:35 / Allies) Im2Funk2Druck: coulda threw a bolt
(13:44 / Allies) Im2Funk2Druck: wind walk and hit dk
(13:51 / Allies) SANE-WARRIOR: no mana
(14:32 / All) Im2Funk2Druck: haha
(15:10 / Allies) Im2Funk2Druck: help me coward!
(15:36 / All) Im2Funk2Druck: green loses heart in the face of the enemy
(15:48 / All) Im2Funk2Druck: girly man
(15:54 / All) Im2Funk2Druck: no orc, more humie than orc! what a pussy!
(16:38 / Allies) gosuneal: ok i guess i dont get that expo ?
(17:01 / Allies) gosuneal: i did clear that and already lose one on it green but ok
(18:27 / Allies) gosuneal: is there an expo i can have'
(20:09 / Allies) Charbroiled: wtf thats mine
(20:17 / Allies) Im2Funk2Druck: there was no base there when I took it
(20:18 / Allies) SANE-WARRIOR: its pinks
(20:19 / Allies) SANE-WARRIOR: he towred it
(20:23 / Allies) gosuneal: green
(20:26 / Allies) gosuneal: shut your fucking mouth
(20:29 / Allies) gosuneal: you took mine already
(20:32 / Allies) gosuneal: you fucking dolt
(20:38 / Allies) SANE-WARRIOR: f m expo
(20:40 / Allies) SANE-WARRIOR: yea
(20:50 / Allies) gosuneal: yeah it was mine
(20:53 / Allies) gosuneal: what the fuck
(21:36 / All) Im2Funk2Druck: STEP TO ME TOUGH GUY
(22:04 / Allies) SANE-WARRIOR: bats
(22:34 / All) 4SRTTR0LL: red and oj I'm helping u kill teal
(22:38 / All) TRUEDETECTIVE: why
(22:40 / All) SANE-WARRIOR: lol
(22:43 / All) TRUEDETECTIVE: you did nothing all game
(22:47 / All) TRUEDETECTIVE: and just suddenly are tking me
(22:47 / All) 4SRTTR0LL: teal is a tker like green and pink
(22:49 / All) TRUEDETECTIVE: without saying a word
(22:52 / All) TRUEDETECTIVE: LOL
(22:59 / All) 4SRTTR0LL: 3 of them are working together
(22:59 / All) TRUEDETECTIVE: what makes you say that
(23:04 / All) TRUEDETECTIVE: oh really?
(23:23 / Allies) gosuneal: mass wood plz
(23:26 / Allies) gosuneal: and gold
(23:31 / Allies) gosuneal: im getting mortars for teak
(23:53 / All) TRUEDETECTIVE: raped lol
(23:56 / All) 4SRTTR0LL: see
(24:11 / All) SANE-WARRIOR: out purple
(24:18 / All) TRUEDETECTIVE: out, purple
(25:04 / All) 4SRTTR0LL: lvl 1 faggots indeed
(25:09 / All) TRUEDETECTIVE: lmao
(25:16 / All) SANE-WARRIOR: kodo #99 biatch
(25:35 / All) 4SRTTR0LL: and u three did the same thing yesterday faggots
(25:43 / All) SANE-WARRIOR: lawl
(26:01 / Allies) SANE-WARRIOR: oj
(26:04 / Allies) SANE-WARRIOR: u dont need 2 expos
(26:56 / All) TRUEDETECTIVE: fight me bitch
(27:00 / All) Charbroiled: qq
(27:05 / All) TRUEDETECTIVE: cry more
(27:08 / All) Charbroiled: qq
(27:14 / All) Charbroiled: i got your name mad boy?
(27:16 / All) SANE-WARRIOR: charbroiked gay
(27:23 / All) TRUEDETECTIVE: you qq when we rape you every time
(27:33 / All) Charbroiled: i took his account he mad
(27:33 / Allies) gosuneal: pink what are you doing to my expo ?
(27:44 / Allies) Im2Funk2Druck: molesting it liek your gay dad did to your butthole many times
(27:59 / All) SANE-WARRIOR: die charbroiled noob
(28:15 / All) Charbroiled: boohoo
(28:24 / Allies) gosuneal: pink wtf ?
(28:29 / All) SANE-WARRIOR: DIE CHARBROILED
(28:33 / All) Charbroiled: kk
(28:57 / Allies) gosuneal: guys pink just tk'd me to death lol?
(29:08 / Allies) Im2Funk2Druck: Yeah get back here babe
(29:11 / All) SANE-WARRIOR: die charbroiled NOOBBB
(29:11 / Allies) Im2Funk2Druck: I ain't finished with you
(29:22 / Allies) gosuneal: im horribly confused
(29:29 / Allies) gosuneal: drinking mules tonight
(29:33 / Allies) gosuneal: ill just go afk gg
(29:42 / Allies) Im2Funk2Druck: leave ya lost
(30:01 / All) SANE-WARRIOR: wonder who purple was said we did it last night
(30:03 / Allies) Charbroiled: haha ill leave for my other computer
(30:22 / Allies) Im2Funk2Druck: Yozshura DONT CARE
(30:27 / Allies) Charbroiled: kk
(31:07 / Allies) Im2Funk2Druck: yeah that's right
(31:09 / Allies) Im2Funk2Druck: just give up
(31:12 / Allies) Im2Funk2Druck: u cant do shit to me BOY
(31:13 / All) SANE-WARRIOR: charbroiled with that maphack
(31:16 / All) Charbroiled: kk
(31:25 / Allies) gosuneal: i am gg im going to go smoke
(31:34 / Allies) Im2Funk2Druck: what are you smokin
(31:36 / Allies) Im2Funk2Druck: cocks?
(31:44 / All) TRUEDETECTIVE: raped
(31:54 / All) Charbroiled: i have your name
(31:56 / Allies) gosuneal: i love smoking a nice cock
(31:58 / All) SANE-WARRIOR: rofl
(31:59 / All) TRUEDETECTIVE: lol
(32:02 / All) SANE-WARRIOR: my name is slim shady bitch
(32:08 / All) Charbroiled: too funny i stole your name
(32:11 / All) Im2Funk2Druck: My name is HEISENBERG!
(32:15 / All) Im2Funk2Druck: What's my name?!?
(32:24 / All) Charbroiled: not even talking to u stupid
(32:34 / All) Im2Funk2Druck: yet I'm raping ur booty hole?
(32:39 / All) Im2Funk2Druck: with my peons?
(32:42 / All) Charbroiled: ill check back in a few hours
(32:46 / All) TRUEDETECTIVE: lol
(33:05 / All) Charbroiled: playing on the other computer
(33:11 / All) Im2Funk2Druck: you do that
(33:15 / All) Im2Funk2Druck: cuz u aint playin here, BOY
(33:50 / All) TRUEDETECTIVE: hey, know what's funniest about him maphacking now
(33:53 / All) TRUEDETECTIVE: he paid 50 bucks for it
(33:53 / All) TRUEDETECTIVE: LOL
(34:30 / All) Im2Funk2Druck: haha
(34:32 / All) SANE-WARRIOR: hes crymore
(34:34 / All) SANE-WARRIOR: hes whispering me
(34:35 / All) TRUEDETECTIVE: lmao
(34:37 / All) Im2Funk2Druck: me too lol
(34:42 / All) TRUEDETECTIVE: he's whispering all of us
(34:46 / All) TRUEDETECTIVE: CRYMORECRYMORECRYMORE
(34:49 / All) TRUEDETECTIVE: U NERDS STILL THERE
(36:00 / All) Im2Funk2Druck: ignored, mad?
(36:16 / All) SANE-WARRIOR: so now we know crymore is charbroiled
(36:22 / All) Im2Funk2Druck: lol
(36:38 / All) TRUEDETECTIVE: he's always crying and then saying you are
(37:32 / All) Im2Funk2Druck: nice music these burrows are making
(37:39 / All) Im2Funk2Druck: reveal my burrows
(37:43 / All) Im2Funk2Druck: right of your expo
(37:50 / All) Im2Funk2Druck: nice tune
(37:52 / All) TRUEDETECTIVE: lol
(37:58 / All) Im2Funk2Druck: nice rythm
(38:08 / All) TRUEDETECTIVE: da-da da-da-da-da
(38:09 / All) SANE-WARRIOR: lawl that is pro
(38:36 / All) SANE-WARRIOR: burrow on right is a lil slow
(39:52 / All) Im2Funk2Druck: that's the jam of your defeat, crymore
(40:01 / All) Im2Funk2Druck: THE SONG OF YOUR DEFEAT